AoeStats
← Destiny

MegaRandom

506423705Analyzed
2v2 RM · 20d ago on Sep 13, 2026· 37m 59s· 4 players
Game mode
Random Map
Map size
Medium (4 player)
Population
200
Speed
Normal
Resources
Standard
Victory
Conquest
Starting age
Dark Age
Ending age
Imperial Age
RankedLock teamsTeams togetherTeam positionsShared explorationLock speedFull tech treeHidden civsTurbo modeCheats
Victory
Defeat
🇦🇷 Malians · Argentina
1096
+11
🇵🇱 Franks · Poland
1022
+14
🇵🇱 Vikings · Poland
1074
-16
🇵🇱 Portuguese · Poland
875
-9
Ilyrian
6:10 Loom
12:16 Feudal Age
13:17 Double-Bit Axe
19:54 Castle Age
22:13 Husbandry
27:15 Wheelbarrow
37:33 Hand Cart
37:35 Bow Saw
[ESTG] Daupoch
7:48 Loom
10:25 Feudal Age
10:58 Double-Bit Axe
10:56 Horse Collar
10:46 Man-at-Arms
14:56 Scale Mail Armor
17:45 Arson
21:57 Castle Age
21:42 Gold Mining
22:04 Forging
23:01 Chain Mail Armor
22:08 Long Swordsman
22:49 Squires
23:36 Bow Saw
23:29 Heavy Plow
25:18 Iron Casting
24:45 Town Watch
33:45 Wheelbarrow
Destiny
6:59 Loom
10:54 Feudal Age
12:23 Double-Bit Axe
13:12 Horse Collar
23:26 Castle Age
26:37 Fletching
28:36 Forging
28:22 Bodkin Arrow
Vargazz
8:30 Loom
10:52 Feudal Age
11:35 Double-Bit Axe
16:04 Horse Collar
17:50 Fletching
18:55 Padded Archer Armor
20:09 Town Watch
24:15 Castle Age
24:53 Forging
24:34 Pikeman
24:35 Crossbowman
26:52 Bodkin Arrow
28:38 Leather Archer Armor
28:37 Elite Skirmisher
29:28 Gambesons
29:54 Scale Mail Armor
31:21 Iron Casting
36:10 Squires
Connection lost

Rejoining the realm…

Still unreachable

The connection could not be restored.

Session expired

The server has moved on; the page needs a fresh start.